 Dungeon Crawl Stone Soup version 0.31-a0-771-g505c3d19dc (webtiles) character file.

Game seed: 9859907769825462008

59 cforsyth the Sneak (level 4, -1/37 HPs)
             Began as a Djinni Delver on Sept 16, 2023.
             Slain by a centaur (2 damage)
             ... on level 5 of the Dungeon.
             The game lasted 00:00:54 (294 turns).

cforsyth the Sneak (Djinni Delver)                   Turns: 294, Time: 00:00:54

Health: -1/37      AC:  3    Str: 11    XL:     4   Next: 22%
Gold:   13         EV: 12    Int: 13    God:
                   SH:  0    Dex: 15

rFire   + + .        i - +1 spear (flame)
rCold   x . .        (no shield)
rNeg    . . .        b - +0 leather armour
rPois   ∞            (no helmet)
rElec   .            (no cloak)
rCorr   .            (no gloves)
SInv    .            (boots unavailable)
Will    .....        (no amulet)
Stlth   ++           (no ring)
HPRegen 0.26/turn    (no ring)
MPRegen 0.00/turn

%: infuse magic (-2 HP)
@: flying
A: sickness immunity, fire resistance 2, cold vulnerability 1, float, innate
caster, HP casting, extra vitality 1
a: no special abilities


You were on level 5 of the Dungeon.
You visited 1 branch of the dungeon, and saw 1 of its levels.

You collected 13 gold pieces.

Inventory:

Hand Weapons
 a - a +0 falchion
 i - a +1 spear of flaming (weapon)
Armour
 b - a +0 leather armour (worn)
Wands
 g - a wand of digging (3)
Scrolls
 c - a scroll of fog
 d - a scroll of revelation
 e - a scroll of fear
Potions
 f - a potion of haste
 h - a potion of might {unknown}


   Skills:
 + Level 3.9 Fighting
 - Level 1.7 Long Blades
 - Level 2.1 Dodging
 - Level 4.1 Stealth
 + Level 1.6 Spellcasting
 + Level 1.6 Conjurations
 + Level 1.6 Hexes
   Level 0.0 Charms
 + Level 1.6 Summonings
 + Level 1.6 Necromancy
 + Level 1.6 Translocations
 + Level 1.6 Transmutations
 + Level 1.6 Fire Magic
 + Level 1.6 Ice Magic
 + Level 1.6 Air Magic
 + Level 1.6 Earth Magic
 + Level 1.6 Poison Magic


You knew the following spells:

 Your Spells              Type           Power      Damage    Failure   Level
a - Foxfire               Conj/Fire      20%        2x1d5     19%         1
Your spell library was empty.

Dungeon Overview and Level Annotations

Branches:
Dungeon (5/15)
 Temple: D:4-7

Altars:


Innate Abilities, Weirdness & Mutations

You are immune to sickness and miasma.
You are immune to poison.
Your flesh is very heat resistant. (rF++)
You are vulnerable to cold. (rC-)
You float through the air rather than walking.
You learn spells naturally, not from books.
Your magical power is your life essence.
You have superior vitality. (+4 MHP)


Message History

You hear the rusting of a distant drain.
Found a bubbling emerald potion.
A centaur comes into view.
An orc comes into view. It is wielding a +0 short sword.
The centaur shouts!
The orc shouts!
The centaur wields a +0 shortbow.
The centaur shoots an arrow.
The arrow hits you.
A quokka comes into view.
You hear a shout!
A centaur comes into view.
You barely miss the centaur. The centaur closely misses you.
The centaur barely misses you.
The centaur unwields a +0 shortbow.
The centaur barely misses you. The centaur closely misses you.
The quokka bites you.
The centaur hits you but does no damage.
The centaur kicks you.
You hit the centaur. You burn the centaur.
The centaur is lightly wounded.
The centaur barely misses you. The centaur kicks you.
* * * LOW HITPOINT WARNING * * *
The centaur hits you but does no damage.
The centaur barely misses you. The quokka barely misses you.
The centaur hits you.
* * * LOW HITPOINT WARNING * * *
The centaur kicks you but does no damage.
You hit the centaur. You burn the centaur.
The centaur is lightly wounded.
The centaur hits you.
* * * LOW HITPOINT WARNING * * *
The centaur kicks you but does no damage.
The quokka barely misses you. The centaur hits you.
* * * LOW HITPOINT WARNING * * *
The centaur kicks you but does no damage.
The centaur barely misses you. The centaur misses you.
You hit the centaur. You burn the centaur.
The centaur is heavily wounded.
The centaur hits you.
* * * LOW HITPOINT WARNING * * *
The centaur kicks you.
You die...

..#######
#..........>........
..#
#...########.......)
..# #...# #......^.
..# #########
#........ ..#
###!..... #........
..###########...##.##
#........
..........##...##...#
#........
...............#cc.#
#........
..........###...@#
..........# ##.#r#
..........# #.##..
..........# #.. #o#
..........# ##.. ...
..........# #.. ...
..........# .......
.......


You could see 2 centaurs, an orc and a quokka.

Vanquished Creatures
  A hound (D:5)
  A jelly (D:5)
2 creatures vanquished.

Notes
Turn   | Place    | Note
-------+----------+-------------------------------------------
     0 | D:5      | cforsyth the Djinni Delver began the quest for the Orb.
     0 | D:5      | Reached XP level 1. HP: 20/20 MP: 0/0
    83 | D:5      | Noticed a hound
    83 | D:5      | Noticed a hound
   113 | D:5      | Noticed a jelly
   117 | D:5      | Killed a jelly
   118 | D:5      | Reached skill level 1 in Spellcasting
   118 | D:5      | Reached skill level 1 in Conjurations
   118 | D:5      | Reached skill level 1 in Hexes
   118 | D:5      | Reached skill level 1 in Summonings
   118 | D:5      | Reached skill level 1 in Necromancy
   118 | D:5      | Reached skill level 1 in Translocations
   118 | D:5      | Reached skill level 1 in Transmutations
   118 | D:5      | Reached skill level 1 in Fire Magic
   118 | D:5      | Reached skill level 1 in Ice Magic
   118 | D:5      | Reached skill level 1 in Air Magic
   118 | D:5      | Reached skill level 1 in Earth Magic
   118 | D:5      | Reached skill level 1 in Poison Magic
   118 | D:5      | Reached XP level 2. HP: 10/25 MP: 0/0
   118 | D:5      | Reached XP level 3. HP: 12/30 MP: 0/0
   118 | D:5      | Learned a level 1 spell: Foxfire
   221 | D:5      | HP: 1/30 [hound (2)]
   227 | D:5      | Reached XP level 4. HP: 2/37 MP: 0/0
   287 | D:5      | Noticed a centaur
   290 | D:5      | Noticed a centaur
   294 | D:5      | HP: 1/37 [centaur (2)]
   294 | D:5      | Slain by a centaur

Illustrated notes

Levels and vault maps discovered:
D:5:      layout_basic, general_overflow_altar, gup_sewer_entry_glass,
          minmay_manual_mares

Skill      XL: |  1 |
---------------+----+-----
Spellcasting   | 1 |  1.6
Conjurations   | 1 |  1.6
Hexes          | 1 |  1.6
Summonings     | 1 |  1.6
Necromancy     | 1 |  1.6
Translocations | 1 |  1.6
Transmutations | 1 |  1.6
Fire Magic     | 1 |  1.6
Ice Magic      | 1 |  1.6
Air Magic      | 1 |  1.6
Earth Magic    | 1 |  1.6
Poison Magic   | 1 |  1.6
Fighting       | |  3.9
Long Blades    | |  1.7
Dodging        | |  2.1
Stealth        | |  4.1

Action                     |  1- 3 |  4- 6 || total
---------------------------+-------+-------++-------
  Melee: Falchion          |    25 |       ||    25
         Spear             |       |     4 ||     4
 Armour: Leather armour    |    23 |    14 ||    37
  Dodge: Dodged            |    19 |    10 ||    29

Table legend: (Time is in decaauts)
 A = Elapsed time spent in this place.
 B = Non-inter-level travel time spent in this place.
 C = Inter-level travel time spent in this place.
 D = Time resting spent in this place.
 E = Time spent auto-exploring this place.
 F = Levels seen in this place.
 G = Mean time per level.
                   A        B        C        D        E       F      G
               +--------+--------+--------+--------+--------+-----+--------+
         Total |    299 |    285 |     14 |     86 |     80 |   1 |  299.0 |
       Dungeon |    299 |    285 |     14 |     86 |     80 |   1 |  299.0 |
               +--------+--------+--------+--------+--------+-----+--------+

Top non-repeatable levels by time:
     D:5: 299 daAuts
